 Dungeon Crawl Stone Soup version 0.20-a0-16-g0876c8e (webtiles) character file.

64 MrRokkomies the Caller (level 3, -1/27 HPs)
             Began as a Vampire Summoner on Nov 4, 2016.
             Slain by Terence
             ... wielding a +0 trident
              (3 damage)
             ... on level 2 of the Dungeon.
             The game lasted 00:08:56 (2236 turns).

MrRokkomies the Caller (Vampire Summoner)           Turns: 2236, Time: 00:08:56

Health: -1/27      AC:  5    Str:  7    XL:     3   Next: 91%
Magic:  6/6        EV: 10    Int: 18    God:
Gold:   55         SH:  0    Dex: 14    Spells: 3 memorised, 0 levels left

rFire  . . .     SeeInvis +     h - +0 whip
rCold  + . .     Gourm    .     f - +0 ring mail
rNeg   + + .     Faith    .     (no shield)
rPois  +         Spirit   .     (no helmet)
rElec  .         Reflect  .     (no cloak)
rCorr  .         Harm     .     (no gloves)
MR     .....                    (no boots)
Stlth  +++.......               l - amulet of magic regeneration
                                (no ring)
                                (no ring)

@: regenerating slowly
A: fangs 3, see invisible, unbreathing
a: Bat Form


You were on level 2 of the Dungeon.
You were very thirsty.

You visited 1 branch of the dungeon, and saw 2 of its levels.

You collected 55 gold pieces.

Inventory:

Hand Weapons
 h - a +0 whip (weapon)
Missiles
 g - 8 tomahawks (quivered)
Armour
 f - a +0 ring mail (worn)
Jewellery
 l - an amulet of magic regeneration (around neck)
Scrolls
 e - a scroll of fear {unknown}
 i - a scroll of identify {unknown}
 j - a scroll of random uselessness {unknown}
 k - a scroll of fog {unknown}
Potions
 c - a potion of blood
Books
 b - a book of Callings

   Spells                             Type                      Level
   a - Summon Small Mammal            Summoning                    1
   b - Call Imp                       Summoning                    2
   c - Call Canine Familiar           Summoning                    3
   d - Summon Guardian Golem          Hexes/Summoning              3
   e - Summon Lightning Spire         Summoning/Air                4
   f - Summon Ice Beast               Ice/Summoning                4


   Skills:
 * Level 2.0 Fighting
 - Level 2.1 Dodging
 - Level 3.0 Stealth
 - Level 2.0 Spellcasting
 * Level 4.9 Summonings


You couldn't memorise any spells.
You knew the following spells:

 Your Spells              Type           Power        Failure   Level  Hunger
a - Summon Small Mammal   Summ           ###.         12%         1    #......
b - Call Imp              Summ           ###.....     17%         2    ###....
c - Call Canine Familiar  Summ           ###.....     30%         3    ###....


Dungeon Overview and Level Annotations

Branches:
Dungeon (2/15)

Altars:

Annotations:
D:2 Terence


Innate Abilities, Weirdness & Mutations

You heal slowly.
You have razor-sharp teeth.
You have supernaturally acute eyesight. (SInv)
You can survive without breathing.


Message History

Your hound bites Terence but does no damage.
You hit Terence but do no damage.
Your hound bites Terence but does no damage.
Terence hits you with a trident.
You hit Terence but do no damage. Your hound misses Terence.
Your hound bites Terence but does no damage.
Terence closely misses you.
You hit Terence but do no damage. Your bite misses Terence.
Your hound closely misses Terence.
Terence hits you with a trident.
Your hound barely misses Terence.
You closely miss Terence.
Your hound bites Terence but does no damage.
Terence hits you with a trident!
* * * LOW HITPOINT WARNING * * *
It was a potion of berserk rage.
You feel slightly irritated.
Your hound disappears in a puff of smoke!
Terence hits you but does no damage.
It was a potion of cure mutation.
It has a very clean taste.
Terence hits you with a trident.
You die...

##.# #.........#
#...#...........
#(########.####
#...#...........
#..........#
#...#...........
############
#...####........
####### #...#
#.####### .......
#...####.## .......
######....#
.....[@#######....#
###
.......@..........#
#..
..................#
#..
..........(.......#
#..
.......#######....#
#.. #######
#....####..
#..........
#....###### #....#
#....#


You could see Terence.

Vanquished Creatures
  3 adders (D:2)
  A dart slug (D:2)
  A giant cockroach (D:1)
  A goblin (D:2)
  4 hobgoblins
  3 jackals (D:1)
  A quokka (D:2)
  2 bats (D:2)
  A frilled lizard (D:2)
  4 kobolds
  3 rats
24 creatures vanquished.

Vanquished Creatures (collateral kills)
  An adder (D:2)
  3 worms (D:2)
  A bat (D:2)
  A giant cockroach (D:2)
  3 hobgoblins
  A jackal (D:1)
  3 kobolds
13 creatures vanquished.

Grand Total: 37 creatures vanquished

Notes
Turn   | Place    | Note
-------+----------+-------------------------------------------
     0 | D:1      | MrRokkomies the Vampire Summoner began the quest for the Orb.
     0 | D:1      | Reached XP level 1. HP: 13/13 MP: 3/3
   782 | D:1      | Reached XP level 2. HP: 11/20 MP: 3/5
   920 | D:1      | Learned a level 2 spell: Call Imp
  1139 | D:1      | Reached skill level 1 in Fighting
  1566 | D:2      | Reached XP level 3. HP: 21/26 MP: 6/6
  1611 | D:2      | Learned a level 3 spell: Call Canine Familiar
  2215 | D:2      | Noticed Terence
  2236 | D:2      | Slain by Terence

Vault maps used:
D:1:      lightli_molten_gateway, minmay_pentomino_x2
D:2:      serial_bayou_ford_a, uniq_terence

Skill      XL: |  1  2  3 |
---------------+----------+-----
Fighting       | 1 2 |  2.0
Dodging        | |  2.1
Stealth        | |  3.0
Spellcasting   | |  2.0
Summonings     | |  4.9

Action                   || total
-------------------------++-------
Melee: Unarmed           ||    63
       Bite              ||    17
       Whip              ||   113
Throw: Tomahawk          ||     6
 Cast: Summon Small Mamm ||     9
       Call Imp          ||     5
       Call Canine Famil ||     3
  Use: Potion            ||     2
 Stab: Distracted        ||     1
       Sleeping          ||     1
  Eat: Corpse            ||     3
Armor: Ring mail         ||    59
       Robe              ||     1
Dodge: Dodged            ||   105
